 Dungeon Sprint DCSS version 0.30-a0-374-g95c0257040 (webtiles) character file.

Game seed: 16996839232639819602

11 rocky1 the Grasshopper (level 2, 0/26 HPs)
             Began as a Gnoll Warper on Nov 25, 2022.
             Was a Follower of Cheibriados.
             Slain by a jackal (3 damage)
             ... in the Dungeon (Sprint VII: "The Pits").
             The game lasted 00:00:34 (97 turns).

rocky1 the Grasshopper (Gnoll Warper)                 Turns: 97, Time: 00:00:34

Health: 0/26       AC:  3    Str: 12    XL:     2   Next: 29%
Magic:  8/8        EV: 13    Int: 14    God:    Cheibriados [*.....]
Gold:   0          SH:  0    Dex: 13    Spells: 11/11 levels left

rFire   . . .      SeeInvis .    m - +2 falchion
rCold   . . .      Faith    .    (no shield)
rNeg    . . .      Spirit   .    b - +0 leather armour
rPois   .          Reflect  .    (no helmet)
rElec   .          Harm     .    (no cloak)
rCorr   .          Rampage  .    (no gloves)
Will    .....      NoTele   +    (no boots)
Stlth   +.........               (no amulet)
HPRegen 0.24/turn                (no ring)
MPRegen 0.11/turn                (no ring)

@: very slow
A: fangs 1, strong nose, distributed training
a: Renounce Religion, Bend Time


You were in the Dungeon.
You worshipped Cheibriados.
Cheibriados was aware of your devotion.
You visited 1 branch

Inventory:

Hand Weapons
 a - a +0 falchion
 m - a +2 falchion (weapon)
Missiles
 d - 7 boomerangs of dispersal (quivered)
Armour
 b - a +0 leather armour (worn)
Scrolls
 c - 2 scrolls of blinking
 k - 5 scrolls of amnesia
 l - a scroll of summoning
Potions
 e - a potion of curing
 f - a potion of heal wounds
 g - a potion of haste
 h - 4 potions of magic
 i - 3 potions of berserk rage
 j - 2 potions of invisibility


   Skills:
 + Level 4.7 Fighting
 + Level 1.3 Short Blades
 + Level 4.7 Long Blades
 + Level 1.3 Axes
 + Level 1.3 Maces & Flails
 + Level 1.3 Polearms
 + Level 1.3 Staves
 + Level 1.3 Ranged Weapons
 + Level 2.8 Throwing
 + Level 2.8 Armour
 + Level 4.7 Dodging
 + Level 1.3 Stealth
 + Level 1.3 Shields
 + Level 1.3 Unarmed Combat
 + Level 5.1 Spellcasting
 + Level 1.0 Conjurations
 + Level 1.0 Hexes
 + Level 1.0 Summonings
 + Level 1.0 Necromancy
 + Level 5.5 Translocations
 + Level 1.0 Transmutations
 + Level 1.0 Fire Magic
 + Level 1.0 Ice Magic
 + Level 1.0 Air Magic
 + Level 1.0 Earth Magic
 + Level 1.0 Poison Magic
 + Level 1.4 Invocations
 + Level 1.3 Evocations


You had 11 spell levels left.
You didn't know any spells.
Your spell library contained the following spells:

 Spells                   Type           Power      Damage    Failure   Level
 Blink                    Tloc           38%        N/A       3%          2
 Lesser Beckoning         Tloc           38%        N/A       7%          3
 Teleport Other           Tloc           19%        N/A       7%          3
 Vhi's Electric Charge    Tloc/Air       24%        N/A       17%         3
 Manifold Assault         Tloc           19%        N/A       22%         4


Dungeon Overview and Level Annotations

Branches:
Dungeon (1/1)

Altars:
Ashenzari
Cheibriados
Dithmenos
Elyvilon
Fedhas
Gozag
Hepliaklqana
Kikubaaqudgha
Makhleb
Nemelex Xobeh
Okawaru
Qazlal
Ru
Sif Muna
Trog
Uskayaw
Vehumet
Wu Jian
Xom
Yredelemnul
Zin
The Shining One
Jiyva
Lugonu


Innate Abilities, Weirdness & Mutations

You have very sharp teeth.
Your uncanny sense of smell can sniff out nearby items.
Your experience applies equally to all skills.


Message History

The jackal attacks as you move away! The jackal bites you.
* * * LOW HITPOINT WARNING * * *
The jackal attacks as you move away!
The jackal bites you but does no damage.
You feel sick.
You are no longer poisoned.
You barely miss the jackal. Your bite misses the jackal.
The jackal barely misses you.
You barely miss the jackal.
The jackal bites you but does no damage.
You hit the jackal.
The jackal is heavily wounded.
The jackal barely misses you. The jackal bites you.
* * * LOW HITPOINT WARNING * * *
You barely miss the jackal.
The jackal is heavily wounded.
The jackal closely misses you.
You hit the jackal.
The jackal is almost dead.
The jackal misses you. The jackal closely misses you.
You closely miss the jackal.
The jackal is almost dead.
The jackal closely misses you.
You hit the jackal.
You kill the jackal!
Cheibriados appreciates the change of pace.
You can now bend time to slow others.
Cheibriados raises the support of your attributes as your movement slows.
The jackal barely misses you.
You hit the jackal but do no damage.
The jackal bites you but does no damage.
You closely miss the jackal. The jackal bites you.
* * * LOW HITPOINT WARNING * * *
You closely miss the jackal. Your bite misses the jackal.
The jackal closely misses you. The jackal barely misses you.
You miss the jackal. The jackal misses you.
You hit the jackal. You bite the jackal.
The jackal is heavily wounded.
The jackal bites you.
You die...

############
#_________.#
#_________.#
#_______...###########++
##########'##...........
#.?(.')))'.##......#..#.
##########.##...........
#.......h@..†...........
#+#####†#####......#..#.
#.#∆∆ #........... #.#∆∆
####'#####++ +.#∆∆
#.......# ###∆∆
#.......# ∆∆ #.......#
#...<...# #.......#


You could see a jackal.

Vanquished Creatures
  An adder (D)
  A jackal (D)
  A bat (D)
3 creatures vanquished.

Notes
Turn   | Place    | Note
-------+----------+-------------------------------------------
     0 | D        | rocky1 the Gnoll Warper began the quest for the Orb.
     0 | D        | Reached XP level 1. HP: 20/20 MP: 6/6
    42 | D        | Found a bloodstained altar of Trog.
    42 | D        | Found a shimmering blue altar of Sif Muna.
    42 | D        | Found a viscous altar of Jiyva.
    42 | D        | Found a hazy altar of Hepliaklqana.
    42 | D        | Found an opulent altar of Gozag.
    43 | D        | Found a glowing golden altar of the Shining One.
    43 | D        | Found a glowing silver altar of Zin.
    43 | D        | Found a basalt altar of Yredelemnul.
    43 | D        | Found a shimmering altar of Xom.
    43 | D        | Found an ornate altar of the Wu Jian Council.
    43 | D        | Found a sacrificial altar of Ru.
    43 | D        | Found a stormy altar of Qazlal.
    43 | D        | Found an iron altar of Okawaru.
    43 | D        | Found a sparkling altar of Nemelex Xobeh.
    43 | D        | Found a burning altar of Makhleb.
    43 | D        | Found a blossoming altar of Fedhas.
    43 | D        | Found a white marble altar of Elyvilon.
    43 | D        | Found a shadowy altar of Dithmenos.
    43 | D        | Found a snail-covered altar of Cheibriados.
    47 | D        | Found a corrupted altar of Lugonu.
    47 | D        | Found a radiant altar of Vehumet.
    48 | D        | Found a broken altar of Ashenzari.
    48 | D        | Found an ancient bone altar of Kikubaaqudgha.
    48 | D        | Found a hide-covered altar of Uskayaw.
    54 | D        | Became a worshipper of Cheibriados the Contemplative
    81 | D        | Reached skill level 1 in Short Blades
    81 | D        | Reached skill level 1 in Axes
    81 | D        | Reached skill level 1 in Maces & Flails
    81 | D        | Reached skill level 1 in Polearms
    81 | D        | Reached skill level 1 in Staves
    81 | D        | Reached skill level 1 in Ranged Weapons
    81 | D        | Reached skill level 1 in Stealth
    81 | D        | Reached skill level 1 in Shields
    81 | D        | Reached skill level 1 in Unarmed Combat
    81 | D        | Reached skill level 5 in Spellcasting
    81 | D        | Reached skill level 1 in Conjurations
    81 | D        | Reached skill level 1 in Hexes
    81 | D        | Reached skill level 1 in Summonings
    81 | D        | Reached skill level 1 in Necromancy
    81 | D        | Reached skill level 1 in Transmutations
    81 | D        | Reached skill level 1 in Fire Magic
    81 | D        | Reached skill level 1 in Ice Magic
    81 | D        | Reached skill level 1 in Air Magic
    81 | D        | Reached skill level 1 in Earth Magic
    81 | D        | Reached skill level 1 in Poison Magic
    81 | D        | Reached skill level 1 in Invocations
    81 | D        | Reached skill level 1 in Evocations
    81 | D        | Reached XP level 2. HP: 9/26 MP: 8/8
    92 | D        | Reached * piety under Cheibriados
    97 | D        | Slain by a jackal

Illustrated notes

Levels and vault maps discovered:
D:        pitsprint [storerooms_1, entrance_room_1, metal_vault_4, armoury_2,
          mini_pit_1, grid_room_1, main_hall_1, silver_pit, the_coven_1,
          the_vestibule_1, steel_vault_2, golden_pit, hallway_of_sentries,
          crystal_vault_1, iron_vault_4, final_vault]

Skill      XL: |  1 |
---------------+----+-----
Short Blades   | 1 |  1.3
Axes           | 1 |  1.3
Maces & Flails | 1 |  1.3
Polearms       | 1 |  1.3
Staves         | 1 |  1.3
Ranged Weapons | 1 |  1.3
Stealth        | 1 |  1.3
Shields        | 1 |  1.3
Unarmed Combat | 1 |  1.3
Spellcasting   | 5 |  5.1
Conjurations   | 1 |  1.0
Hexes          | 1 |  1.0
Summonings     | 1 |  1.0
Necromancy     | 1 |  1.0
Transmutations | 1 |  1.0
Fire Magic     | 1 |  1.0
Ice Magic      | 1 |  1.0
Air Magic      | 1 |  1.0
Earth Magic    | 1 |  1.0
Poison Magic   | 1 |  1.0
Invocations    | 1 |  1.4
Evocations     | 1 |  1.3
Fighting       | |  4.7
Long Blades    | |  4.7
Throwing       | |  2.8
Armour         | |  2.8
Dodging        | |  4.7
Translocations | |  5.5

Action                   || total
-------------------------++-------
Melee: Falchion          ||    25
       Bite              ||     1
Armor: Leather armour    ||     4
Dodge: Dodged            ||    26

Table legend: (Time is in decaauts)
 A = Elapsed time spent in this place.
 B = Non-inter-level travel time spent in this place.
 C = Inter-level travel time spent in this place.
 D = Time resting spent in this place.
 E = Time spent auto-exploring this place.
 F = Levels seen in this place.
 G = Mean time per level.
                   A        B        C        D        E       F      G
               +--------+--------+--------+--------+--------+-----+--------+
         Total |    103 |    103 |      0 |      0 |      0 |   1 |  103.0 |
       Dungeon |    103 |    103 |      0 |      0 |      0 |   1 |  103.0 |
               +--------+--------+--------+--------+--------+-----+--------+

Top non-repeatable levels by time:
       D: 103 daAuts
